Flyers vs Predators

Created - April 6, 2022 at 23:51

Goals
1 2 3 T
Flyers 0 1 0 1
Predators 0 2 1 3
Shots
1 2 3 T
Flyers 8 17 14 39
Predators 9 11 7 27

1st period

No Goal

Penalties :
Jakub Voracek (Phi) for Interference (Minor) at 3:07, Matt Smaby (Phi) for Hooking (Minor) at 8:34

2nd period

1. Flyers , Drew Miller 12 (Jeff Carter 15, Jacob Trouba 12) at 6:44 (PP)
2. Predators , Mikael Granlund 28 (Andy Miele 34) at 10:13
3. Predators , Ryan Mcdonagh 4 (Alexander Ovechkin 29, Andy Miele 35) at 17:00 (PP)

Penalties :
Andy Miele (Nas) for Slashing (Minor) at 2:53, Andy Miele (Nas) for Boarding (Minor) at 6:07, Jacob Trouba (Phi) for Holding (Minor) at 12:16, Jordan Nolan (Phi) for Hooking (Minor) at 16:57

3rd period

4. Predators , Mikael Granlund 29 (Alexander Ovechkin 30, Ryan Kesler 15) at 19:29 (Empty Net)

Penalties :
Josh Morrissey (Nas) for Holding (Minor) at 9:29, Ryan Kesler (Nas) for Interference (Minor) at 16:43

Goalie Stats

Steve Mason (Phi), 24 saves from 26 shots - (0.923), L, 17-7-0, 59:19 minutes
Kari Lehtonen (Nas), 38 saves from 39 shots - (0.974), W, 19-14-2, 60:00 minutes

Players Stats for Flyers

Player Name              G  A  P  +/- PIM S  H  SB GA TA FO     MP     PP MP  PK MP  
------------------------------------------------------------------------------------
Brian Lashoff            0  0  0  -1  0   0  0  0  0  1  0/0    13:21   0:00   2:07 
Brock Nelson             0  0  0   0  0   0  4  0  0  0  0/0     8:08   0:00   0:42 
Chris Mcallister         0  0  0   0  0   4  1  1  0  0  0/2    12:20   0:00   1:47 
Drew Miller              1  0  1   0  0   5  0  0  0  1  0/0    15:32   2:45   0:00 
J.T. Miller              0  0  0  -2  0   4  3  1  1  0  4/9    23:38   3:49   3:17 
Jacob Trouba             0  1  1  -1  2   2  0  0  0  0  0/0    25:57   3:15   1:57 
Jakub Voracek            0  0  0  -2  2   5  1  0  0  1  1/1    21:09   3:49   1:07 
Jeff Carter              0  1  1   0  0   5  2  0  2  1  7/13   17:34   2:45   1:54 
Jeff Woywitka            0  0  0  -1  0   1  3  0  1  0  0/0    26:40   3:15   3:05 
Jonathan Ericsson        0  0  0  -1  0   0  0  0  0  0  0/0    12:56   0:00   0:15 
Jordan Nolan             0  0  0  -2  2   3  3  0  1  0  13/26  23:30   3:49   3:13 
Marcus Kruger            0  0  0   0  0   1  0  0  0  0  0/0    10:33   0:00   0:00 
Matt Smaby               0  0  0   0  2   2  0  0  0  0  0/0    21:14   3:19   1:56 
Matthew Lombardi         0  0  0   0  0   0  0  0  0  0  1/2     7:26   0:00   0:00 
Nathan Beaulieu          0  0  0   0  0   1  1  0  0  0  0/0    20:24   3:19   2:40 
Niclas Bergfors          0  0  0   0  0   4  1  0  0  0  1/2    15:32   2:45   0:00 
Travis Zajac             0  0  0   0  0   2  2  0  0  0  1/4    10:36   0:00   0:00 
Tyler Randell            0  0  0   0  0   0  0  0  0  0  0/0     7:26   0:00   0:00 

Players Stats for Predators

Player Name              G  A  P  +/- PIM S  H  SB GA TA FO     MP     PP MP  PK MP  
------------------------------------------------------------------------------------
Alexander Edler          0  0  0   1  0   2  3  2  1  0  0/0    29:09   3:19   4:07 
Alexander Ovechkin       0  2  2   2  0   3  2  0  0  1  6/8    22:53   3:18   4:29 
Andy Miele               0  2  2   1  4   0  2  0  1  1  15/30  18:05   3:18   0:00 
Brad Boyes               0  0  0   0  0   2  2  0  0  0  0/0    11:14   0:00   0:00 
Brendan Gallagher        0  0  0   0  0   2  1  0  0  0  0/3    18:04   2:42   1:48 
Chris Higgins            0  0  0   0  0   1  0  0  1  0  0/0     7:48   0:00   0:16 
Jack Eichel              0  0  0   0  0   0  0  0  0  0  1/2    11:07   0:00   0:17 
Jaden Schwartz           0  0  0   0  0   4  0  1  0  0  0/0    18:04   2:42   1:48 
John Moore               0  0  0   1  0   1  0  0  0  1  0/0    20:42   2:41   2:27 
Josh Morrissey           0  0  0   0  2   0  0  0  0  1  0/0    10:08   0:00   0:00 
Justin Abdelkader        0  0  0   0  0   1  1  1  0  0  1/2    11:08   0:00   0:00 
Justin Faulk             0  0  0   1  0   0  0  1  0  0  0/0    20:42   2:41   2:27 
Mark Pysyk               0  0  0   0  0   0  1  0  0  0  0/0     7:32   0:00   0:00 
Mikael Granlund          2  0  2   2  0   5  3  0  0  0  1/1    22:54   3:18   4:30 
Nate Schmidt             0  0  0   0  0   0  0  0  0  0  0/0    10:09   0:00   0:00 
Ryan Kesler              0  1  1   1  2   2  1  0  0  0  6/12   17:02   2:42   0:00 
Ryan Mcdonagh            1  0  1   1  0   2  2  2  0  1  0/0    29:09   3:19   4:07 
Scott Laughton           0  0  0   0  0   2  1  0  1  0  1/1     7:32   0:00   0:00 

3 Stars

1 - Kari Lehtonen (Nas)
2 - Mikael Granlund (Nas)
3 - Alexander Ovechkin (Nas)

Power Play

Flyers - 1 on 4 Attempt(s) - 25.00%
Predators - 1 on 4 Attempt(s) - 25.00%

Penalty Kill

Flyers - 3 on 4 Attempt(s) - 75.00% - Score 0 goal in Penalty Kill
Predators - 3 on 4 Attempt(s) - 75.00% - Score 0 goal in Penalty Kill

Team Stat

Flyers - Hits : 21 - Faceoff Wins : 28 - Blocked Shots : 2 - Penalty Minutes : 8
Predators - Hits : 19 - Faceoff Wins : 31 - Blocked Shots : 7 - Penalty Minutes : 8

Official

Referees : Jon McIsaac and Justin St. Pierre
Linesman : Greg Devorski and Matt MacPherson

Game Notes

Mikael Granlund has scored in a empty net!

Finance

Level 1 -- Attendance: 5417 (90.28%) -- Ticket Income $541,700
Level 2 -- Attendance: 4771 (95.42%) -- Ticket Income $286,260
Level 3 -- Attendance: 2000 (100.00%) -- Ticket Income $70,000
Level 4 -- Attendance: 4000 (100.00%) -- Ticket Income $100,000
Luxury Box -- Attendance: 926 (92.60%) -- Ticket Income $185,200
Game was played at the Bridgestone arena.
Total Attendance: 17114 (95.08%)
Total Ticket Income: $1,183,160
Other Income: $177,474
Total Income: $1,360,634

Flyers

5 vs 5 Forward 
   Center                   Left Wing                Right Wing               Time % Phy DF OF 
 1 Jordan Nolan             J.T. Miller              Jakub Voracek            40     1   2  2  
 2 Jeff Carter              Drew Miller              Niclas Bergfors          30     1   2  2  
 3 Travis Zajac             Chris Mcallister         Marcus Kruger            20     1   2  2  
 4 Matthew Lombardi         Brock Nelson             Tyler Randell            10     1   2  2  

5 vs 5 Defense 
   Defense                  Defense                                           Time % Phy DF OF 
 1 Jacob Trouba             Jeff Woywitka                                     40     1   2  2  
 2 Matt Smaby               Nathan Beaulieu                                   30     1   2  2  
 3 Jonathan Ericsson        Brian Lashoff                                     20     1   2  2  
 4 Jacob Trouba             Jeff Woywitka                                     10     1   2  2  

PowerPlay Forward 
   Center                   Left Wing                Right Wing               Time % Phy DF OF 
 1 Jordan Nolan             J.T. Miller              Jakub Voracek            60     1   2  2  
 2 Jeff Carter              Drew Miller              Niclas Bergfors          40     1   2  2  

PowerPlay Defense
   Defense                  Defense                                           Time % Phy DF OF 
 1 Jacob Trouba             Jeff Woywitka                                     60     1   2  2  
 2 Matt Smaby               Nathan Beaulieu                                   40     1   2  2  

Penalty Kill 4 Players Forward 
   Center                   Wing                     Time % Phy DF OF 
 1 J.T. Miller              Jordan Nolan             60     1   2  2  
 2 Jeff Carter              Jakub Voracek            40     1   2  2  

Penalty Kill 4 Players Defense
   Defense                  Defense                  Time % Phy DF OF 
 1 Jacob Trouba             Jeff Woywitka            60     1   2  2  
 2 Matt Smaby               Nathan Beaulieu          40     1   2  2  

Penalty Kill - 3 Players Forward 
   Forward                                           Time % Phy DF OF 
 1 J.T. Miller                                       60     1   2  2  
 2 Jordan Nolan                                      40     1   2  2  

Penalty Kill - 3 Players Defense
   Defense                  Defense                  Time % Phy DF OF 
 1 Jacob Trouba             Jeff Woywitka            60     1   2  2  
 2 Matt Smaby               Nathan Beaulieu          40     1   2  2  

4 vs 4 Forward 
   Center                   Wing                     Time % Phy DF OF 
 1 J.T. Miller              Jordan Nolan             60     1   2  2  
 2 Jeff Carter              Jakub Voracek            40     1   2  2  

4 vs 4 Defense
   Defense                  Defense                  Time % Phy DF OF 
 1 Jacob Trouba             Jeff Woywitka            60     1   2  2  
 2 Matt Smaby               Nathan Beaulieu          40     1   2  2  

Last Minutes Offensive
   Center                   Left Wing                Right Wing               Defense                  Defense                  
   Jordan Nolan             J.T. Miller              Jakub Voracek            Jacob Trouba             Jeff Woywitka            

Last Minutes Defensive
   Center                   Left Wing                Right Wing               Defense                  Defense                  
   Jordan Nolan             J.T. Miller              Jakub Voracek            Jacob Trouba             Jeff Woywitka            

Goaltenders
Starting : Steve Mason              
Backup : Ilya Sorokin             

Extra Forwards
Normal : Travis Zajac, Marcus Kruger, Chris Mcallister - PP : Travis Zajac, Marcus Kruger - PK : Chris Mcallister
Extra Defensemen
Normal : Jonathan Ericsson, Brian Lashoff, Matt Smaby - PP : Jonathan Ericsson - PK : Brian Lashoff, Matt Smaby
Penalty Shots
J.T. Miller, Jordan Nolan, Jeff Carter, Jakub Voracek, Drew Miller

Scratches
Dylan Olsen (Healthy), Tomas Kubalik (Healthy)

Predators

5 vs 5 Forward 
   Center                   Left Wing                Right Wing               Time % Phy DF OF 
 1 Andy Miele               Alexander Ovechkin       Mikael Granlund          40     1   2  2  
 2 Ryan Kesler              Jaden Schwartz           Brendan Gallagher        30     1   2  2  
 3 Jack Eichel              Justin Abdelkader        Brad Boyes               20     1   2  2  
 4 Scott Laughton           Chris Higgins            Mark Pysyk               10     1   2  2  

5 vs 5 Defense 
   Defense                  Defense                                           Time % Phy DF OF 
 1 Ryan Mcdonagh            Alexander Edler                                   40     1   2  2  
 2 John Moore               Justin Faulk                                      30     1   2  2  
 3 Nate Schmidt             Josh Morrissey                                    20     1   2  2  
 4 Ryan Mcdonagh            Alexander Edler                                   10     1   2  2  

PowerPlay Forward 
   Center                   Left Wing                Right Wing               Time % Phy DF OF 
 1 Andy Miele               Alexander Ovechkin       Mikael Granlund          60     1   2  2  
 2 Ryan Kesler              Jaden Schwartz           Brendan Gallagher        40     1   2  2  

PowerPlay Defense
   Defense                  Defense                                           Time % Phy DF OF 
 1 Ryan Mcdonagh            Alexander Edler                                   60     1   2  2  
 2 John Moore               Justin Faulk                                      40     1   2  2  

Penalty Kill 4 Players Forward 
   Center                   Wing                     Time % Phy DF OF 
 1 Alexander Ovechkin       Mikael Granlund          60     1   2  2  
 2 Brendan Gallagher        Jaden Schwartz           40     1   2  2  

Penalty Kill 4 Players Defense
   Defense                  Defense                  Time % Phy DF OF 
 1 Ryan Mcdonagh            Alexander Edler          60     1   2  2  
 2 John Moore               Justin Faulk             40     1   2  2  

Penalty Kill - 3 Players Forward 
   Forward                                           Time % Phy DF OF 
 1 Alexander Ovechkin                                60     1   2  2  
 2 Mikael Granlund                                   40     1   2  2  

Penalty Kill - 3 Players Defense
   Defense                  Defense                  Time % Phy DF OF 
 1 Ryan Mcdonagh            Alexander Edler          60     1   2  2  
 2 John Moore               Justin Faulk             40     1   2  2  

4 vs 4 Forward 
   Center                   Wing                     Time % Phy DF OF 
 1 Alexander Ovechkin       Mikael Granlund          60     1   2  2  
 2 Brendan Gallagher        Jaden Schwartz           40     1   2  2  

4 vs 4 Defense
   Defense                  Defense                  Time % Phy DF OF 
 1 Ryan Mcdonagh            Alexander Edler          60     1   2  2  
 2 John Moore               Justin Faulk             40     1   2  2  

Last Minutes Offensive
   Center                   Left Wing                Right Wing               Defense                  Defense                  
   Andy Miele               Alexander Ovechkin       Mikael Granlund          Ryan Mcdonagh            Alexander Edler          

Last Minutes Defensive
   Center                   Left Wing                Right Wing               Defense                  Defense                  
   Andy Miele               Alexander Ovechkin       Mikael Granlund          Ryan Mcdonagh            Alexander Edler          

Goaltenders
Starting : Kari Lehtonen            
Backup : Jaroslav Halak           

Extra Forwards
Normal : Brad Boyes, Justin Abdelkader, Jack Eichel - PP : Brad Boyes, Justin Abdelkader - PK : Jack Eichel
Extra Defensemen
Normal : Justin Faulk, Josh Morrissey, John Moore - PP : Justin Faulk - PK : Nate Schmidt, John Moore
Penalty Shots
Alexander Ovechkin, Mikael Granlund, Brendan Gallagher, Jaden Schwartz, Brad Boyes

Scratches
Denis Grebeshkov (Bruised Right Leg Injury), Mike Brown (Healthy)

% Time on Ice - Flyers

Lines # - Real PCT - Wanted PCT - Time Play
Normal Forward
1 - 34% - 40% - 16:06
2 - 28% - 30% - 12:55
3 - 22% - 20% - 10:14
4 - 16% - 10% - 7:26
Normal Defense
1 - 40% - 40% - 18:27
2 - 31% - 30% - 14:25
3 - 25% - 20% - 11:52
4 - 4% - 10% - 1:57
PP Forward
1 - 58% - 60% - 3:49
2 - 42% - 40% - 2:45
PP Defense
1 - 49% - 60% - 3:15
2 - 51% - 40% - 3:19
PK Forward
1 - 68% - 60% - 4:06
2 - 32% - 40% - 1:54
PK Defense
1 - 56% - 60% - 3:20
2 - 44% - 40% - 2:40
PK3 Forward
1 - 0% - 60%
2 - 0% - 40%
PK3 Defense
1 - 0% - 60%
2 - 0% - 40%
44 Forward
1 - 0% - 60%
2 - 0% - 40%
44 Defense
1 - 0% - 60%
2 - 0% - 40%
Last Minute Offensive  - 0:45
Last Minute Defensive  - 0:00
Total
Forward - 60:00
Defense - 60:00

% Time on Ice - Predators

Lines # - Real PCT - Wanted PCT - Time Play
Normal Forward
1 - 33% - 40% - 15:36
2 - 29% - 30% - 13:34
3 - 23% - 20% - 10:44
4 - 16% - 10% - 7:32
Normal Defense
1 - 40% - 40% - 19:03
2 - 33% - 30% - 15:34
3 - 21% - 20% - 10:09
4 - 6% - 10% - 2:40
PP Forward
1 - 55% - 60% - 3:18
2 - 45% - 40% - 2:42
PP Defense
1 - 55% - 60% - 3:19
2 - 45% - 40% - 2:41
PK Forward
1 - 73% - 60% - 4:46
2 - 27% - 40% - 1:48
PK Defense
1 - 63% - 60% - 4:07
2 - 37% - 40% - 2:27
PK3 Forward
1 - 0% - 60%
2 - 0% - 40%
PK3 Defense
1 - 0% - 60%
2 - 0% - 40%
44 Forward
1 - 0% - 60%
2 - 0% - 40%
44 Defense
1 - 0% - 60%
2 - 0% - 40%
Last Minute Offensive  - 0:00
Last Minute Defensive  - 0:00
Total
Forward - 60:00
Defense - 60:00

Play-by-Play

1st period


0:01 of 1st period - Jordan Nolan wins face-off versus Andy Miele in neutral zone.
0:04 of 1st period - Ryan Mcdonagh is hit by J.T. Miller and loses puck.
1:19 of 1st period - Wrist shot by Scott Laughton.
1:19 of 1st period - Stopped by Steve Mason with a rebound.
1:29 of 1st period - John Moore is hit by Jordan Nolan and loses puck.
1:52 of 1st period - Jeff Carter is hit by Brendan Gallagher.
2:14 of 1st period - John Moore is hit by Chris Mcallister and loses puck.
2:23 of 1st period - Snap shot by Chris Mcallister.
2:23 of 1st period - Stopped by Kari Lehtonen with a rebound.
3:07 of 1st period - Minor Penalty to Jakub Voracek for Interference.
3:08 of 1st period - J.T. Miller wins face-off versus Andy Miele in Flyers zone.
4:02 of 1st period - Chris Mcallister is hit by Andy Miele and loses puck.
4:32 of 1st period - Icing by Alexander Edler.
4:33 of 1st period - Ryan Kesler wins face-off versus J.T. Miller in Predators zone.
5:03 of 1st period - Icing by Alexander Edler.
5:04 of 1st period - J.T. Miller wins face-off versus Ryan Kesler in Predators zone.
5:07 of 1st period - Penalty to Jakub Voracek is over, Jakub Voracek is back on ice.
5:41 of 1st period - Wrist shot by Travis Zajac.
5:41 of 1st period - Stopped by Kari Lehtonen with a rebound.
7:10 of 1st period - Snap shot by Jordan Nolan.
7:10 of 1st period - Stopped by Kari Lehtonen without a rebound.
7:11 of 1st period - Jordan Nolan wins face-off versus Andy Miele in Predators zone.
7:26 of 1st period - J.T. Miller is hit by Mikael Granlund.
8:00 of 1st period - Slapshot by Travis Zajac.
8:00 of 1st period - Stopped by Kari Lehtonen with a rebound.
8:02 of 1st period - Slapshot by Travis Zajac.
8:02 of 1st period - Shot Misses the Net.
8:22 of 1st period - Nathan Beaulieu is hit by Alexander Edler and loses puck.
8:27 of 1st period - Snap shot by Jaden Schwartz.
8:27 of 1st period - Shot Misses the Net.
8:31 of 1st period - Snap shot by Brendan Gallagher.
8:31 of 1st period - Stopped by Steve Mason without a rebound.
8:32 of 1st period - Jordan Nolan wins face-off versus Andy Miele in Flyers zone.
8:34 of 1st period - Minor Penalty to Matt Smaby for Hooking.
8:35 of 1st period - Andy Miele wins face-off versus J.T. Miller in Flyers zone.
10:34 of 1st period - Penalty to Matt Smaby is over, Matt Smaby is back on ice.
10:57 of 1st period - Tyler Randell is hit by Justin Abdelkader and loses puck.
11:08 of 1st period - Josh Morrissey is hit by Travis Zajac and loses puck.
11:44 of 1st period - Icing by Nate Schmidt.
11:45 of 1st period - Jordan Nolan wins face-off versus Andy Miele in Predators zone.
11:46 of 1st period - Snap shot by Jakub Voracek.
11:46 of 1st period - Shot Misses the Net.
11:48 of 1st period - Wrist shot by J.T. Miller.
11:48 of 1st period - Stopped by Kari Lehtonen without a rebound.
11:49 of 1st period - Ryan Kesler wins face-off versus Jordan Nolan in Predators zone.
11:49 of 1st period - Ryan Kesler is hit by Jakub Voracek.
11:59 of 1st period - Snap shot by Jaden Schwartz.
11:59 of 1st period - Stopped by Steve Mason with a rebound.
12:01 of 1st period - Snap shot by Brendan Gallagher.
12:01 of 1st period - Stopped by Steve Mason without a rebound.
12:02 of 1st period - J.T. Miller wins face-off versus Andy Miele in Flyers zone.
12:14 of 1st period - Icing by Nathan Beaulieu.
12:15 of 1st period - Andy Miele wins face-off versus Jordan Nolan in Flyers zone.
12:16 of 1st period - Wrist shot by Mikael Granlund.
12:16 of 1st period - Stopped by Steve Mason with a rebound.
12:22 of 1st period - Slapshot by Jakub Voracek.
12:22 of 1st period - Shot Misses the Net.
12:24 of 1st period - Backhand shot by Matt Smaby.
12:24 of 1st period - Shot Misses the Net.
12:26 of 1st period - Snap shot by Jakub Voracek.
12:26 of 1st period - Shot Misses the Net.
12:28 of 1st period - Wrist shot by Jordan Nolan.
12:28 of 1st period - Stopped by Kari Lehtonen without a rebound.
12:29 of 1st period - Andy Miele wins face-off versus Jordan Nolan in Predators zone.
12:29 of 1st period - Andy Miele is hit by Jordan Nolan.
13:03 of 1st period - Slapshot by Drew Miller.
13:03 of 1st period - Stopped by Kari Lehtonen with a rebound.
13:05 of 1st period - Slapshot by Jeff Woywitka.
13:05 of 1st period - Shot Blocked by Justin Faulk.
13:07 of 1st period - Wrist shot by Jeff Carter.
13:07 of 1st period - Shot Misses the Net.
13:27 of 1st period - Wrist shot by Chris Mcallister.
13:27 of 1st period - Stopped by Kari Lehtonen with a rebound.
14:46 of 1st period - Slapshot by Chris Higgins.
14:46 of 1st period - Stopped by Steve Mason with a rebound.
15:00 of 1st period - Slapshot by Alexander Edler.
15:00 of 1st period - Deflect By Jordan Nolan.
15:00 of 1st period - Stopped by Steve Mason with a rebound.
15:21 of 1st period - Wrist shot by Justin Abdelkader.
15:21 of 1st period - Stopped by Steve Mason without a rebound.
15:22 of 1st period - Niclas Bergfors wins face-off versus Ryan Kesler in Flyers zone.
15:22 of 1st period - Niclas Bergfors is hit by Ryan Kesler.
15:36 of 1st period - Slapshot by Jaden Schwartz.
15:36 of 1st period - Shot Misses the Net.
16:39 of 1st period - Wrist shot by Scott Laughton.
16:39 of 1st period - Shot Misses the Net.
16:41 of 1st period - Snap shot by Mark Pysyk.
16:41 of 1st period - Shot Misses the Net.
17:21 of 1st period - Alexander Ovechkin is hit by Brock Nelson and loses puck.
18:03 of 1st period - Josh Morrissey is hit by Jeff Carter and loses puck.
18:26 of 1st period - Snap shot by Ryan Kesler.
18:26 of 1st period - Stopped by Steve Mason with a rebound.
18:47 of 1st period - Mikael Granlund is hit by Jeff Woywitka and loses puck.
18:55 of 1st period - Icing by Alexander Edler.
18:56 of 1st period - Andy Miele wins face-off versus Matthew Lombardi in Predators zone.
19:00 of 1st period - Off-side.
19:01 of 1st period - Matthew Lombardi wins face-off versus Ryan Kesler in neutral zone.
Goals for this period are 0 for Flyers vs 0 for Predators.
Shots for this period are 8 for Flyers vs 9 for Predators.

2nd period


0:01 of 2nd period - Andy Miele wins face-off versus J.T. Miller in neutral zone.
0:04 of 2nd period - Jeff Woywitka is hit by Mikael Granlund and loses puck.
0:17 of 2nd period - Backhand shot by Jordan Nolan.
0:17 of 2nd period - Stopped by Kari Lehtonen without a rebound.
0:18 of 2nd period - Ryan Kesler wins face-off versus Jeff Carter in Predators zone.
0:25 of 2nd period - Jacob Trouba is hit by Alexander Edler and loses puck.
0:44 of 2nd period - Alexander Edler is hit by Jeff Woywitka and loses puck.
0:51 of 2nd period - Snap shot by Marcus Kruger.
0:51 of 2nd period - Stopped by Kari Lehtonen with a rebound.
0:53 of 2nd period - Wrist shot by Marcus Kruger.
0:53 of 2nd period - Shot Misses the Net.
1:07 of 2nd period - Snap shot by J.T. Miller.
1:07 of 2nd period - Shot Blocked by Alexander Edler.
1:09 of 2nd period - Snap shot by Jakub Voracek.
1:09 of 2nd period - Shot Blocked by Alexander Edler.
1:20 of 2nd period - Ryan Mcdonagh is hit by J.T. Miller and loses puck.
1:36 of 2nd period - Wrist shot by Jordan Nolan.
1:36 of 2nd period - Deflect By Jakub Voracek.
1:36 of 2nd period - Stopped by Kari Lehtonen without a rebound.
1:37 of 2nd period - Jeff Carter wins face-off versus Andy Miele in Predators zone.
1:38 of 2nd period - Slapshot by Drew Miller.
1:38 of 2nd period - Stopped by Kari Lehtonen without a rebound.
1:39 of 2nd period - Andy Miele wins face-off versus Niclas Bergfors in Predators zone.
2:13 of 2nd period - Snap shot by Jacob Trouba.
2:13 of 2nd period - Stopped by Kari Lehtonen with a rebound.
2:33 of 2nd period - Nate Schmidt is hit by Jordan Nolan and loses puck.
2:44 of 2nd period - Icing by J.T. Miller.
2:45 of 2nd period - Andy Miele wins face-off versus Jordan Nolan in Flyers zone.
2:53 of 2nd period - Minor Penalty to Andy Miele for Slashing.
2:54 of 2nd period - Alexander Ovechkin wins face-off versus Jordan Nolan in Predators zone.
3:02 of 2nd period - Slapshot by Alexander Ovechkin.
3:02 of 2nd period - Stopped by Steve Mason with a rebound.
3:12 of 2nd period - Matt Smaby is hit by Mikael Granlund and loses puck.
4:17 of 2nd period - Nathan Beaulieu is hit by Alexander Ovechkin and loses puck.
4:24 of 2nd period - Wrist shot by Jakub Voracek.
4:24 of 2nd period - Shot Misses the Net.
4:26 of 2nd period - Snap shot by Nathan Beaulieu.
4:26 of 2nd period - Stopped by Kari Lehtonen with a rebound.
4:28 of 2nd period - Slapshot by Matt Smaby.
4:28 of 2nd period - Shot Misses the Net.
4:30 of 2nd period - Slapshot by Matt Smaby.
4:30 of 2nd period - Deflect By Brendan Gallagher.
4:30 of 2nd period - Stopped by Kari Lehtonen without a rebound.
4:31 of 2nd period - Jeff Carter wins face-off versus Brendan Gallagher in Predators zone.
4:37 of 2nd period - Slapshot by Jeff Carter.
4:37 of 2nd period - Deflect By Drew Miller.
4:37 of 2nd period - Shot Misses the Net.
4:37 of 2nd period - Puck is out of play.
4:38 of 2nd period - Alexander Ovechkin wins face-off versus Jeff Carter in Predators zone.
4:53 of 2nd period - Penalty to Andy Miele is over, Andy Miele is back on ice.
5:13 of 2nd period - Off-side.
5:14 of 2nd period - Ryan Kesler wins face-off versus Travis Zajac in neutral zone.
5:27 of 2nd period - Snap shot by Jaden Schwartz.
5:27 of 2nd period - Stopped by Steve Mason without a rebound.
5:28 of 2nd period - Justin Abdelkader wins face-off versus Chris Mcallister in Flyers zone.
6:07 of 2nd period - Minor Penalty to Andy Miele for Boarding.
6:08 of 2nd period - Alexander Ovechkin wins face-off versus Jordan Nolan in Predators zone.
6:40 of 2nd period - Slapshot by Jacob Trouba.
6:40 of 2nd period - Deflect By Alexander Edler.
6:40 of 2nd period - Stopped by Kari Lehtonen with a rebound.
6:42 of 2nd period - Snap shot by Jeff Carter.
6:42 of 2nd period - Shot Blocked by Jaden Schwartz.
6:44 of 2nd period - Slapshot by Drew Miller.
6:44 of 2nd period - Goal by Drew Miller - Flyers : 1 - Predators : 0.
6:45 of 2nd period - Jordan Nolan wins face-off versus Andy Miele in neutral zone.
7:19 of 2nd period - Snap shot by Jeff Carter.
7:19 of 2nd period - Stopped by Kari Lehtonen with a rebound.
7:21 of 2nd period - Slapshot by Jacob Trouba.
7:21 of 2nd period - Shot Misses the Net.
7:23 of 2nd period - Wrist shot by Jeff Carter.
7:23 of 2nd period - Deflect By Jaden Schwartz.
7:23 of 2nd period - Stopped by Kari Lehtonen with a rebound.
8:17 of 2nd period - Off-side.
8:18 of 2nd period - Jakub Voracek wins face-off versus Ryan Kesler in neutral zone.
8:41 of 2nd period - Snap shot by J.T. Miller.
8:41 of 2nd period - Stopped by Kari Lehtonen with a rebound.
8:45 of 2nd period - Snap shot by J.T. Miller.
8:45 of 2nd period - Deflect By Jordan Nolan.
8:45 of 2nd period - Shot Misses the Net.
8:45 of 2nd period - Puck is out of play.
8:46 of 2nd period - Andy Miele wins face-off versus Jeff Carter in Predators zone.
9:03 of 2nd period - Wrist shot by Niclas Bergfors.
9:03 of 2nd period - Stopped by Kari Lehtonen without a rebound.
9:04 of 2nd period - Jordan Nolan wins face-off versus Ryan Kesler in Predators zone.
9:17 of 2nd period - Slapshot by Nathan Beaulieu.
9:17 of 2nd period - Shot Blocked by Ryan Mcdonagh.
9:21 of 2nd period - Snap shot by J.T. Miller.
9:21 of 2nd period - Shot Misses the Net.
10:02 of 2nd period - Slapshot by Alexander Edler.
10:02 of 2nd period - Stopped by Steve Mason without a rebound.
10:03 of 2nd period - Jordan Nolan wins face-off versus Andy Miele in Flyers zone.
10:07 of 2nd period - Icing by Brian Lashoff.
10:08 of 2nd period - Andy Miele wins face-off versus Jordan Nolan in Flyers zone.
10:11 of 2nd period - Snap shot by Mikael Granlund.
10:11 of 2nd period - Shot Misses the Net.
10:13 of 2nd period - Snap shot by Mikael Granlund.
10:13 of 2nd period - Deflect By J.T. Miller.
10:13 of 2nd period - Goal by Mikael Granlund - Flyers : 1 - Predators : 1.
10:14 of 2nd period - Jordan Nolan wins face-off versus Andy Miele in neutral zone.
10:17 of 2nd period - Slapshot by Jeff Woywitka.
10:17 of 2nd period - Stopped by Kari Lehtonen with a rebound.
11:05 of 2nd period - Slapshot by Ryan Mcdonagh.
11:05 of 2nd period - Shot Blocked by Chris Mcallister.
11:17 of 2nd period - Nathan Beaulieu is hit by Scott Laughton.
11:23 of 2nd period - Alexander Edler is hit by Brock Nelson and loses puck.
11:34 of 2nd period - Slapshot by Ryan Mcdonagh.
11:34 of 2nd period - Stopped by Steve Mason without a rebound.
11:35 of 2nd period - Jordan Nolan wins face-off versus Andy Miele in Flyers zone.
11:47 of 2nd period - Snap shot by Jakub Voracek.
11:47 of 2nd period - Stopped by Kari Lehtonen with a rebound.
12:08 of 2nd period - Snap shot by Jaden Schwartz.
12:08 of 2nd period - Stopped by Steve Mason without a rebound.
12:09 of 2nd period - Ryan Kesler wins face-off versus Jordan Nolan in Flyers zone.
12:14 of 2nd period - Snap shot by Ryan Kesler.
12:14 of 2nd period - Stopped by Steve Mason with a rebound.
12:16 of 2nd period - Minor Penalty to Jacob Trouba for Holding.
12:17 of 2nd period - Mikael Granlund wins face-off versus J.T. Miller in Flyers zone.
13:39 of 2nd period - Jaden Schwartz is hit by Brock Nelson and loses puck.
14:16 of 2nd period - Penalty to Jacob Trouba is over, Jacob Trouba is back on ice.
15:04 of 2nd period - Off-side.
15:05 of 2nd period - Jack Eichel wins face-off versus Travis Zajac in neutral zone.
15:31 of 2nd period - Ryan Kesler is hit by Brock Nelson and loses puck.
16:14 of 2nd period - Marcus Kruger is hit by Alexander Ovechkin and loses puck.
16:31 of 2nd period - Backhand shot by Brock Nelson.
16:31 of 2nd period - Shot Misses the Net.
16:57 of 2nd period - Minor Penalty to Jordan Nolan for Hooking.
16:58 of 2nd period - Andy Miele wins face-off versus J.T. Miller in Flyers zone.
16:58 of 2nd period - Snap shot by Alexander Ovechkin.
16:58 of 2nd period - Stopped by Steve Mason with a rebound.
17:00 of 2nd period - Backhand shot by Ryan Mcdonagh.
17:00 of 2nd period - Goal by Ryan Mcdonagh - Flyers : 1 - Predators : 2.
17:01 of 2nd period - Andy Miele wins face-off versus Jordan Nolan in neutral zone.
17:50 of 2nd period - Mark Pysyk is hit by Travis Zajac and loses puck.
17:57 of 2nd period - Snap shot by Chris Mcallister.
17:57 of 2nd period - Stopped by Kari Lehtonen with a rebound.
17:59 of 2nd period - Backhand shot by Chris Mcallister.
17:59 of 2nd period - Stopped by Kari Lehtonen with a rebound.
18:01 of 2nd period - Wrist shot by Marcus Kruger.
18:01 of 2nd period - Shot Misses the Net.
18:32 of 2nd period - Snap shot by Andy Miele.
18:32 of 2nd period - Shot Hit the Post.
18:34 of 2nd period - Snap shot by Mikael Granlund.
18:34 of 2nd period - Stopped by Steve Mason with a rebound.
18:38 of 2nd period - Snap shot by Alexander Ovechkin.
18:38 of 2nd period - Deflect By J.T. Miller.
18:38 of 2nd period - Stopped by Steve Mason with a rebound.
18:55 of 2nd period - Jonathan Ericsson is hit by Alexander Edler and loses puck.
19:24 of 2nd period - Matt Smaby is hit by Mark Pysyk and loses puck.
19:37 of 2nd period - Nathan Beaulieu is hit by Brad Boyes and loses puck.
Goals for this period are 1 for Flyers vs 2 for Predators.
Shots for this period are 17 for Flyers vs 11 for Predators.

3rd period


0:01 of 3rd period - Jordan Nolan wins face-off versus Alexander Ovechkin in neutral zone.
0:28 of 3rd period - Snap shot by Niclas Bergfors.
0:28 of 3rd period - Stopped by Kari Lehtonen without a rebound.
0:29 of 3rd period - Ryan Kesler wins face-off versus Jeff Carter in Predators zone.
0:29 of 3rd period - Ryan Kesler is hit by Jeff Carter.
0:35 of 3rd period - Wrist shot by Niclas Bergfors.
0:35 of 3rd period - Stopped by Kari Lehtonen with a rebound.
1:05 of 3rd period - Snap shot by Drew Miller.
1:05 of 3rd period - Stopped by Kari Lehtonen without a rebound.
1:06 of 3rd period - Andy Miele wins face-off versus Jordan Nolan in Predators zone.
1:06 of 3rd period - Alexander Edler is hit by J.T. Miller and loses puck.
1:17 of 3rd period - Wrist shot by Alexander Ovechkin.
1:17 of 3rd period - Deflect By Jordan Nolan.
1:17 of 3rd period - Shot Misses the Net.
1:17 of 3rd period - Puck is out of play.
1:18 of 3rd period - Jordan Nolan wins face-off versus Andy Miele in Flyers zone.
2:52 of 3rd period - Wrist shot by Scott Laughton.
2:52 of 3rd period - Stopped by Steve Mason without a rebound.
2:53 of 3rd period - Scott Laughton wins face-off versus Jordan Nolan in Flyers zone.
3:13 of 3rd period - Off-side.
3:14 of 3rd period - Andy Miele wins face-off versus Jeff Carter in neutral zone.
3:25 of 3rd period - Snap shot by Jeff Carter.
3:25 of 3rd period - Stopped by Kari Lehtonen without a rebound.
3:26 of 3rd period - Jordan Nolan wins face-off versus Andy Miele in Predators zone.
3:42 of 3rd period - Ryan Mcdonagh is hit by Jeff Woywitka and loses puck.
3:55 of 3rd period - Snap shot by Jeff Carter.
3:55 of 3rd period - Stopped by Kari Lehtonen with a rebound.
3:57 of 3rd period - Snap shot by Jeff Carter.
3:57 of 3rd period - Shot Misses the Net.
3:59 of 3rd period - Slapshot by Jacob Trouba.
3:59 of 3rd period - Shot Misses the Net.
4:03 of 3rd period - Snap shot by Niclas Bergfors.
4:03 of 3rd period - Shot Misses the Net.
5:38 of 3rd period - Snap shot by Brendan Gallagher.
5:38 of 3rd period - Shot Misses the Net.
6:40 of 3rd period - Snap shot by Jack Eichel.
6:40 of 3rd period - Deflect By Brad Boyes.
6:40 of 3rd period - Stopped by Steve Mason without a rebound.
6:41 of 3rd period - Jeff Carter wins face-off versus Andy Miele in Flyers zone.
6:41 of 3rd period - Jeff Carter is hit by Ryan Mcdonagh.
8:29 of 3rd period - Alexander Edler is hit by Nathan Beaulieu and loses puck.
8:40 of 3rd period - Slapshot by Jakub Voracek.
8:40 of 3rd period - Stopped by Kari Lehtonen with a rebound.
8:42 of 3rd period - Snap shot by Jakub Voracek.
8:42 of 3rd period - Shot Misses the Net.
8:44 of 3rd period - Slapshot by Matt Smaby.
8:44 of 3rd period - Stopped by Kari Lehtonen with a rebound.
8:46 of 3rd period - Snap shot by J.T. Miller.
8:46 of 3rd period - Shot Misses the Net.
8:48 of 3rd period - Snap shot by Jakub Voracek.
8:48 of 3rd period - Shot Misses the Net.
8:50 of 3rd period - Snap shot by J.T. Miller.
8:50 of 3rd period - Stopped by Kari Lehtonen without a rebound.
8:51 of 3rd period - Andy Miele wins face-off versus Chris Mcallister in Predators zone.
9:08 of 3rd period - Slapshot by Mikael Granlund.
9:08 of 3rd period - Stopped by Steve Mason with a rebound.
9:29 of 3rd period - Minor Penalty to Josh Morrissey for Holding.
9:30 of 3rd period - Jeff Carter wins face-off versus Alexander Ovechkin in Predators zone.
9:56 of 3rd period - Backhand shot by Jakub Voracek.
9:56 of 3rd period - Stopped by Kari Lehtonen without a rebound.
9:57 of 3rd period - Alexander Ovechkin wins face-off versus Jordan Nolan in Predators zone.
10:16 of 3rd period - Wrist shot by Jeff Carter.
10:16 of 3rd period - Stopped by Kari Lehtonen without a rebound.
10:17 of 3rd period - Alexander Ovechkin wins face-off versus Jeff Carter in Predators zone.
11:29 of 3rd period - Penalty to Josh Morrissey is over, Josh Morrissey is back on ice.
11:34 of 3rd period - Snap shot by John Moore.
11:34 of 3rd period - Stopped by Steve Mason with a rebound.
11:36 of 3rd period - Slapshot by John Moore.
11:36 of 3rd period - Shot Misses the Net.
12:30 of 3rd period - Slapshot by Jeff Carter.
12:30 of 3rd period - Shot Blocked by Justin Abdelkader.
13:07 of 3rd period - Slapshot by Brock Nelson.
13:07 of 3rd period - Shot Misses the Net.
13:13 of 3rd period - Snap shot by Matthew Lombardi.
13:13 of 3rd period - Shot Misses the Net.
13:31 of 3rd period - Wrist shot by J.T. Miller.
13:31 of 3rd period - Shot Blocked by Ryan Mcdonagh.
13:33 of 3rd period - Snap shot by Jakub Voracek.
13:33 of 3rd period - Stopped by Kari Lehtonen with a rebound.
13:35 of 3rd period - Slapshot by Jordan Nolan.
13:35 of 3rd period - Shot Misses the Net.
13:55 of 3rd period - Ryan Mcdonagh is hit by Niclas Bergfors and loses puck.
14:16 of 3rd period - Backhand shot by Travis Zajac.
14:16 of 3rd period - Shot Misses the Net.
14:32 of 3rd period - Slapshot by Justin Faulk.
14:32 of 3rd period - Deflect By Brad Boyes.
14:32 of 3rd period - Shot Misses the Net.
14:32 of 3rd period - Puck is out of play.
14:33 of 3rd period - J.T. Miller wins face-off versus Jack Eichel in Flyers zone.
15:06 of 3rd period - Matt Smaby is hit by Brad Boyes and loses puck.
15:17 of 3rd period - Wrist shot by Brad Boyes.
15:17 of 3rd period - Stopped by Steve Mason without a rebound.
15:18 of 3rd period - Andy Miele wins face-off versus Travis Zajac in Flyers zone.
15:25 of 3rd period - Jeff Woywitka is hit by Andy Miele and loses puck.
15:49 of 3rd period - Slapshot by Jaden Schwartz.
15:49 of 3rd period - Stopped by Steve Mason without a rebound.
15:50 of 3rd period - Jeff Carter wins face-off versus Ryan Kesler in Flyers zone.
15:59 of 3rd period - Wrist shot by Drew Miller.
15:59 of 3rd period - Shot Misses the Net.
16:01 of 3rd period - Slapshot by Niclas Bergfors.
16:01 of 3rd period - Shot Misses the Net.
16:03 of 3rd period - Wrist shot by Drew Miller.
16:03 of 3rd period - Stopped by Kari Lehtonen without a rebound.
16:04 of 3rd period - Travis Zajac wins face-off versus Andy Miele in Predators zone.
16:43 of 3rd period - Minor Penalty to Ryan Kesler for Interference.
16:44 of 3rd period - Alexander Ovechkin wins face-off versus Jordan Nolan in Predators zone.
17:40 of 3rd period - Off-side.
17:41 of 3rd period - Jeff Carter wins face-off versus Brendan Gallagher in neutral zone.
17:44 of 3rd period - Wrist shot by Niclas Bergfors.
17:44 of 3rd period - Stopped by Kari Lehtonen without a rebound.
17:45 of 3rd period - Jeff Carter wins face-off versus Brendan Gallagher in Predators zone.
18:43 of 3rd period - Penalty to Ryan Kesler is over, Ryan Kesler is back on ice.
18:48 of 3rd period - Flyers, Steve Mason is pulled from the net.
18:50 of 3rd period - Snap shot by J.T. Miller.
18:50 of 3rd period - Stopped by Kari Lehtonen with a rebound.
19:08 of 3rd period - Jeff Woywitka is hit by Ryan Mcdonagh and loses puck.
19:13 of 3rd period - Snap shot by Mikael Granlund.
19:13 of 3rd period - Shot Blocked by J.T. Miller.
19:29 of 3rd period - Snap shot by Alexander Ovechkin.
19:29 of 3rd period - Deflect By Mikael Granlund.
19:29 of 3rd period - Goal by Mikael Granlund - Flyers : 1 - Predators : 3.
19:29 of 3rd period - Steve Mason from Flyers was sent back in the game.
19:30 of 3rd period - Jordan Nolan wins face-off versus Justin Abdelkader in neutral zone.
Goals for this period are 0 for Flyers vs 1 for Predators.
Shots for this period are 14 for Flyers vs 7 for Predators. Output by the SimonT Hockey Simulator (STHS) for Francois Prevost - Original Page W3C HTML5 Valid
Hockey Simulator - Hockey Simulation - Hockey Manager